 Dungeon Crawl Stone Soup version 0.30-a0-634-g8abc85282e (webtiles) character file.

Game seed: 4770226270868329859

4672 tio the Reanimator (level 10, 0/70 HPs)
             Began as a Demonspawn Necromancer on Dec 12, 2022.
             Was an Initiate of Yredelemnul.
             Slain by AigisTheKnight's ghost (9 damage)
             ... on level 8 of the Dungeon on Jan 14, 2023.
             The game lasted 01:19:22 (9406 turns).

tio the Reanimator (Demonspawn Necromancer)         Turns: 9406, Time: 01:19:23

Health: 0/70       AC:  4    Str: 15    XL:     10   Next: 21%
Magic:  22/22      EV: 13    Int: 21    God:    Yredelemnul [......]
Gold:   501        SH:  0    Dex: 13    Spells: 24/25 levels left

rFire   . . .      SeeInvis .    y - +3 quarterstaff
rCold   . . .      Faith    .    (shield currently unavailable)
rNeg    . . .      Spirit   .    a - +0 robe
rPois   .          Reflect  .    u - +0 hat
rElec   .          Harm     .    d - +0 cloak
rCorr   .          Rampage  .    (no gloves)
Will    .....                    F - +0 pair of boots
Stlth   ++                       r - amulet of regeneration
HPRegen 1.11/turn                l - +4 ring of slaying
MPRegen 0.18/turn                s - +6 ring of strength

@: mighty, lethally poisoned (0 -> -17)
A: antennae 2, demonic guardian 1, powered by pain 2
a: Renounce Religion, Recall Undead Harvest


You were on level 8 of the Dungeon.
You worshipped Yredelemnul.
Yredelemnul was noncommittal.
You visited 2 branches of the dungeon, and saw 9 of its levels.
You also visited: Ossuary.

You collected 501 gold pieces.

Inventory:

Hand Weapons
 e - a +1 dagger of venom
 q - a +0 shortbow
 t - a +1 war axe
 y - a +3 quarterstaff (weapon)
Missiles
 i - a curare-tipped dart
Armour
 a - a +0 robe (worn)
 d - a +0 cloak (worn)
 u - a +0 hat (worn)
 F - a +0 pair of boots (worn)
Magical Staves
 n - a staff of death
Jewellery
 l - a +4 ring of slaying (left hand)
 r - an amulet of regeneration (around neck)
 s - a +6 ring of strength (right hand)
 B - a ring of wizardry
 G - a ring of wizardry
Wands
 j - a wand of digging (15)
 I - a wand of paralysis (9)
Scrolls
 c - 4 scrolls of noise
 m - 2 scrolls of immolation
 p - a scroll of enchant armour {unknown}
 v - 3 scrolls of magic mapping
 w - a scroll of amnesia
 D - a scroll of identify
 H - a scroll of blinking
Potions
 b - a potion of magic
 f - a potion of lignification {unknown}
 g - 7 potions of degeneration
 h - a potion of ambrosia {unknown}
 k - 4 potions of attraction
 o - 3 potions of flight
 A - a potion of invisibility {unknown}
 C - 2 potions of mutation
 E - 2 potions of brilliance {unknown}


   Skills:
 + Level 3.5 Fighting
 + Level 0.7 Axes
 + Level 5.2 Staves
 + Level 0.6 Ranged Weapons
 + Level 4.2 Dodging
 + Level 2.8 Stealth
 + Level 8.3 Spellcasting
 + Level 9.8 Necromancy
 + Level 1.7 Invocations
 + Level 2.2 Evocations


You had 24 spell levels left.
You knew the following spells:

 Your Spells              Type           Power      Damage    Failure   Level
a - Necrotise             Necr           100%       1d9       1%          1

Your spell library contained the following spells:

 Spells                   Type           Power      Damage    Failure   Level
 Vampiric Draining        Necr           50%        2d9       1%          3
 Agony                    Necr           50%        N/A       3%          5
 Beastly Appendage        Tmut           16%        N/A       8%          1
 Wereblood                Tmut           8%         N/A       12%         2
 Spider Form              Tmut/Pois      8%         N/A       22%         3
 Animate Dead             Necr           Unusable   N/A       N/A         4

Dungeon Overview and Level Annotations

Branches:
Dungeon (8/15)             Temple (1/1) D:4            Lair (0/5) D:8
Ossuary (visited)

Altars:
Cheibriados
Dithmenos
Fedhas
Gozag
Hepliaklqana
Kikubaaqudgha
Makhleb
Okawaru
Qazlal
Ru
Sif Muna
Trog
Wu Jian
Xom
Yredelemnul

Annotations:
D:8 AigisTheKnight's ghost, novice GrEE


Innate Abilities, Weirdness & Mutations

You have a pair of antennae on your head.
A weak demonic guardian rushes to your aid.
You sometimes gain power by taking damage.


Message History

AigisTheKnight's ghost is moderately damaged.
AigisTheKnight's ghost hits you!
You feel very mighty all of a sudden.
AigisTheKnight's ghost hits you but does no damage.
You are poisoned.
You hit AigisTheKnight's ghost.
AigisTheKnight's ghost is moderately damaged.
You feel very sick. AigisTheKnight's ghost hits you.
You are more poisoned.
You miss AigisTheKnight's ghost.
AigisTheKnight's ghost is moderately damaged.
You feel very sick. AigisTheKnight's ghost hits you.
You are more poisoned.
You barely miss AigisTheKnight's ghost.
AigisTheKnight's ghost is moderately damaged.
You feel very sick.
AigisTheKnight's ghost shouts, "You will never get the ORB!"
AigisTheKnight's ghost hits you but does no damage.
You thump AigisTheKnight's ghost!
AigisTheKnight's ghost is heavily damaged.
You feel very sick. AigisTheKnight's ghost hits you!
You are more poisoned.
You hit AigisTheKnight's ghost.
AigisTheKnight's ghost is heavily damaged.
You feel very sick. AigisTheKnight's ghost hits you!
* * * LOW HITPOINT WARNING * * *
You are lethally poisoned!
Aiming: Paralyse
Press: ? - help, Q - select action, (/) - cycle Shift-Dir - straight line, f/p - AigisTheKnight's ghost
Aim: AigisTheKnight's ghost, wielding a weapon of venom (heavily damaged, chance to affect: 21%) AigisTheKnight's ghost resists with almost no effort.
* * * LOW HITPOINT WARNING * * *
You feel extremely sick. AigisTheKnight's ghost hits you!
You die...
Your body rises from the dead as a mindless zombie.

.## ##.Z..# #.......####.. ..#
####.### ##.##{......... ..##
#...####Z.####.#####.. ...##
###.##..<## #.##..... ....#####
#...##.#######.##..... ........##
#......#.....#........
.........###.............>.......
..).......#.....W..........#.....
..........#.....@................
...).).....................#.....
...........................#.....
.).)......#...............#######
#.##.##...#...............#######
#....##..........................
..........###.....#.....###>.....
#.........###.....#.##### #......
...............#.#..# ###.....


You could see AigisTheKnight's ghost.

Vanquished Creatures
  A wraith (D:8)
  5 yaks (D:8)
  A basilisk (D:8)
  A spectral yak (D:8)
  2 ice beasts
  3 black bears
  2 ogres
  Blork the orc (D:6)
  A kobold brigand (D:6)
  5 bullfrogs
  A scorpion (D:4)
  A water moccasin zombie (Ossuary)
  5 wights (D:8)
  3 orc priests
  4 hounds
  A gnoll bouda (D:7)
  An iron imp (D:7)
  2 iguanas
  2 orc wizards
  A mummy (Ossuary)
  4 gnolls
  5 adders
  2 white imps
  An adder zombie (Ossuary)
  2 dart slugs
  9 orcs
  7 ball pythons
  4 bats
  8 endoplasms
  2 giant cockroaches (D:1)
  7 gnoll zombies (Ossuary)
  9 goblins
  A hobgoblin (D:2)
  3 quokkas
  5 frilled lizards
  8 hobgoblin zombies (Ossuary)
  8 kobolds
  6 kobold zombies (Ossuary)
  3 orc zombies (Ossuary)
  6 rats
143 creatures vanquished.

Vanquished Creatures (collateral kills)
  Prince Ribbit (D:8)
  Eustachio (D:6)
  A yak (D:8)
  A basilisk (D:8)
  A wyvern (D:8)
  A steam dragon (D:8)
  Edmund (D:6)
  2 centaurs (D:6)
  A phantom (D:5)
  A scorpion (D:6)
  A water moccasin zombie (Ossuary)
  2 necrophages
  2 orc priests (D:8)
  A mummy (Ossuary)
  5 gnolls (D:4)
  2 adders
  An adder zombie (Ossuary)
  4 orcs
  An endoplasm (D:2)
  A hobgoblin (D:1)
  2 ball pythons
  4 kobolds (D:6)
  A rat (D:1)
38 creatures vanquished.

Vanquished Creatures (others)
  A kobold brigand (D:6)
  A yak zombie (D:8)
  3 bullfrog zombies
  A centaur zombie (D:6)
  An orc wizard (D:5)
  A scorpion zombie (D:6)
  A human zombie (D:6)
  2 adder zombies (D:4)
  A spectral white imp (D:5)
  4 gnoll zombies
  2 ball python zombies (D:4)
  A goblin zombie (D:4)
  3 kobold zombies (D:6)
  5 orc zombies
  A spectral orc (D:8)
  10 fungi
  4 plants (D:8)
  8 withered plants (D:1)
50 creatures vanquished.

Grand Total: 231 creatures vanquished

Notes
Turn   | Place    | Note
-------+----------+-------------------------------------------
     0 | D:1      | tio the Demonspawn Necromancer began the quest for the Orb.
     0 | D:1      | Reached XP level 1. HP: 13/13 MP: 3/3
   199 | D:1      | Gained mutation: A weak demonic guardian rushes to your
                  | aid. [demonic ancestry]
   199 | D:1      | Reached XP level 2. HP: 19/19 MP: 3/5
   609 | D:1      | Reached skill level 5 in Necromancy
   887 | D:1      | Found a faded altar of an unknown god.
   941 | D:1      | Prayed at the altar of an unknown god.
   941 | D:1      | Became a worshipper of Yredelemnul the Dark
   941 | D:1      | Reached * piety under Yredelemnul
  1048 | D:1      | Gained mutation: You sometimes gain a little power by
                  | taking damage. [demonic ancestry]
  1048 | D:1      | Reached XP level 3. HP: 24/24 MP: 4/6
  2089 | D:2      | Reached ** piety under Yredelemnul
  2833 | D:3      | Gained mutation: You have a pair of small antennae on your
                  | head. [demonic ancestry]
  2833 | D:3      | Reached XP level 4. HP: 30/30 MP: 6/8
  3285 | D:4      | Noticed an ogre
  3294 | D:4      | Killed an ogre
  3295 | D:4      | Reached XP level 5. HP: 35/35 MP: 0/10
  3442 | D:4      | Found a staircase to the Ecumenical Temple.
  3521 | D:4      | Reached skill level 6 in Necromancy
  3595 | D:4      | Gained mutation: You sometimes gain power by taking damage.
                  | [demonic ancestry]
  3595 | D:4      | Reached XP level 6. HP: 35/41 MP: 8/12
  4121 | Temple   | Entered the Ecumenical Temple
  4475 | D:5      | Entered Level 5 of the Dungeon
  4639 | D:5      | Gained mutation: You have a pair of antennae on your head.
                  | [demonic ancestry]
  4639 | D:5      | Reached XP level 7. HP: 40/47 MP: 8/14
  4642 | D:5      | Found an opulent altar of Gozag.
  4693 | D:5      | Reached skill level 5 in Spellcasting
  4706 | D:5      | Reached skill level 7 in Necromancy
  4831 | D:5      | Identified the +1 helmet of the Antique Ant {rPois Slay+5}
  4872 | D:5      | Found a sand-covered staircase.
  4885 | Ossuary  | Entered an ossuary
  4931 | Ossuary  | Reached skill level 1 in Fighting
  4931 | Ossuary  | Reached skill level 1 in Staves
  5792 | D:6      | Reached XP level 8. HP: 54/54 MP: 12/16
  5874 | D:6      | Noticed Eustachio
  5876 | D:6      | Noticed Blork the orc
  5914 | D:6      | Killed Blork the orc
  5919 | D:6      | Killed Eustachio
  5939 | D:6      | Reached skill level 8 in Necromancy
  5994 | D:6      | Your ally Eustachio died
  6016 | D:6      | HP: 2/56 [centaur/arrow (7)]
  6176 | D:6      | Noticed Edmund
  6191 | D:6      | Killed Edmund
  6369 | D:6      | Reached skill level 9 in Necromancy
  6803 | D:6      | Reached XP level 9. HP: 20/61 MP: 19/19
  7233 | D:6      | Identified a scroll of acquirement
  7233 | D:6      | Acquired a staff of death
  7658 | D:7      | Found a snail-covered altar of Cheibriados.
  8124 | D:8      | Found a staircase to the Lair.
  8129 | D:8      | Upgraded the game from 0.30-a0-451-ge042605de7 to
                  | 0.30-a0-634-g8abc85282e
  8273 | D:8      | Noticed Prince Ribbit
  8530 | D:8      | Killed Prince Ribbit
  8587 | D:8      | Reached skill level 1 in Evocations
  8593 | D:8      | Reached skill level 1 in Invocations
  8676 | D:8      | Reached XP level 10. HP: 59/70 MP: 18/22
  8829 | D:8      | Reached skill level 5 in Staves
  8958 | D:8      | Found a runed translucent gate.
  8959 | D:8      | Found a runed translucent gate.
  8959 | D:8      | Found a runed translucent gate.
  8961 | D:8      | Noticed AigisTheKnight's ghost (novice GrEE)
  9406 | D:8      | Slain by AigisTheKnight's ghost

Illustrated notes

Levels and vault maps discovered:
D:1:      scummos_arrival_gate, layout_loops_ring,
          ebering_ecumenical_altar_petrified, hex_large,
          minmay_indecisive_spiral
D:2:      layout_basic
D:3:      layout_basic
D:4:      layout_loops_cross, minmay_temple_entry_grid,
          dreamdust_mushroom_princess
D:5:      layout_rooms, mainiacjoe_overflow_24_doors,
          nicolae_ossuary_entry_monument, kennysheep_generic_room_4
D:6:      layout_basic, uniq_edmund, uniq_blork_the_orc, uniq_eustachio
D:7:      layout_loops_ring, slow_altar_2, kennysheep_small_square
D:8:      layout_rooms, david_lair_generic, ebering_ghost_rock_garden,
          nicolae_hexahallways, uniq_prince_ribbit1
Temple:   nicolae_temple_slightly_damp_pantheon

Skill      XL: |  1  2  3  4  5  6  7  8  9 10 |
---------------+-------------------------------+-----
Necromancy     | 5 6 7 9 |  9.8
Stealth        | 2 |  2.8
Spellcasting   | 3 4 5 7 8 |  8.3
Dodging        | 2 3 4 |  4.2
Fighting       | 1 2 3 |  3.5
Staves         | 2 4 5 |  5.2
Evocations     | 1 2 |  2.2
Invocations    | 1 |  1.7
Axes           | |  0.7
Ranged Weapons | |  0.6

Action                   |  1- 3 |  4- 6 |  7- 9 | 10-12 || total
-------------------------+-------+-------+-------+-------++-------
Melee: Unarmed           |     3 |       |       |       ||     3
       Hand axe          |    24 |     7 |       |       ||    31
       Punch             |     1 |       |       |       ||     1
       Quarterstaff      |       |     6 |   142 |    23 ||   171
       Staff             |       |       |     5 |       ||     5
 Fire: Shortbow          |       |       |     7 |       ||     7
 Cast: Necrotise         |    82 |    54 |   152 |       ||   288
Invok: Recall Undead Har |     2 |       |     3 |     3 ||     8
       Dark Bargain      |     1 |       |     3 |       ||     4
Evoke: Wand              |       |       |    11 |    12 ||    23
  Use: Scroll            |     7 |     1 |    19 |     2 ||    29
       Potion            |       |       |    13 |     1 ||    14
 Stab: Sleeping          |       |       |     1 |       ||     1
       Paralysed         |       |       |       |     3 ||     3
Armor: Scale mail        |     2 |       |       |       ||     2
       Robe              |       |     3 |    39 |     5 ||    47
Dodge: Dodged            |    11 |    19 |   169 |     4 ||   203

Table legend: (Time is in decaauts)
 A = Elapsed time spent in this place.
 B = Non-inter-level travel time spent in this place.
 C = Inter-level travel time spent in this place.
 D = Time resting spent in this place.
 E = Time spent auto-exploring this place.
 F = Levels seen in this place.
 G = Mean time per level.
                   A        B        C        D        E       F      G
               +--------+--------+--------+--------+--------+-----+--------+
         Total |   9453 |   8353 |   1100 |      0 |   6618 |  10 |  945.3 |
       Dungeon |   8773 |   7720 |   1053 |      0 |   6366 |   8 | 1096.6 |
        Temple |    211 |    164 |     47 |      0 |    147 |   1 |  211.0 |
       Ossuary |    468 |    468 |      0 |      0 |    105 |   1 |  468.0 |
               +--------+--------+--------+--------+--------+-----+--------+

Top non-repeatable levels by time:
     D:6: 1535 daAuts
     D:8: 1297 daAuts
     D:1: 1264 daAuts
     D:2: 1215 daAuts
     D:4: 1041 daAuts
     D:5: 843 daAuts
     D:7: 827 daAuts
     D:3: 748 daAuts
 Ossuary: 468 daAuts
  Temple: 211 daAuts
